 Dungeon Crawl Stone Soup version 0.23.2-1-ga50397a6bc (webtiles) character file.

Game seed: 18051851467571991169

528 Foic the Ducker (level 7, -2/68 HPs)
             Began as a Troll Fighter on May 30, 2019.
             Was an Initiate of Yredelemnul.
             Succumbed to a merfolk javelineer's poison
             ... on level 3 of the Dungeon.
             The game lasted 00:16:43 (4009 turns).

Foic the Ducker (Troll Fighter)                     Turns: 4009, Time: 00:16:44

Health: -2/68      AC:  9    Str: 25    XL:     7   Next: 3%
Magic:  6/6        EV:  9    Int:  4    God:    Yredelemnul [......]
Gold:   284        SH: 10    Dex: 11    Spells: 6/6 levels left

rFire    + . .     SeeInvis +     - Unarmed
rCold    . . .     Gourm    +   b - +1 shield
rNeg     . . .     Faith    .   a - +0 robe
rPois    .         Spirit   .   (helmet restricted)
rElec    .         Reflect  .   v - +2 cloak
rCorr    .         Harm     .   (gloves unavailable)
MR       .....                  (boots unavailable)
Stlth    +.........             (no amulet)
HPRegen  0.61/turn              t - ring of protection from fire
MPRegen  0.10/turn              u - ring of see invisible

@: lethally poisoned (-2 -> -34)
A: large, unfitting armour, claws 3, fast metabolism 3, gourmand, regeneration
1, shaggy fur 1, tough skin 3
a: Renounce Religion


You were on level 3 of the Dungeon.
You worshipped Yredelemnul.
Yredelemnul was noncommittal.
You were full.

You visited 2 branches of the dungeon, and saw 6 of its levels.
You also visited: Sewer.

You collected 284 gold pieces.

Inventory:

Missiles
 j - 63 stones (quivered)
 l - 57 poisoned needles
 q - a throwing net
 z - 6 large rocks
 B - 6 javelins
Armour
 a - a +0 robe (worn)
 b - a +1 shield (worn)
 v - a +2 cloak (worn)
Jewellery
 t - a ring of protection from fire (left claw)
 u - a ring of see invisible (right claw)
 A - a cursed ring of teleportation
Scrolls
 f - a scroll of fear
 g - 5 scrolls of teleportation
 h - 5 scrolls of identify
 i - 4 scrolls of amnesia {unknown}
 m - 6 scrolls of fog {unknown}
 n - 2 scrolls of magic mapping {unknown}
 o - 4 scrolls of remove curse {unknown}
 p - a scroll of random uselessness {unknown}
 s - 2 scrolls of immolation {unknown}
 w - a scroll of enchant weapon {unknown}
 y - a scroll of noise {unknown}
Potions
 c - 3 potions of might
 e - a potion of agility
 k - a potion of haste
 x - 4 potions of flight
Comestibles
 d - 13 rations


   Skills:
 * Level 3.6 Fighting
 + Level 0.1 Throwing
 * Level 4.3 Dodging
 + Level 3.5 Shields
 + Level 4.3 Unarmed Combat


You had 6 spell levels left.
You didn't know any spells.
Your spell library was empty.

Dungeon Overview and Level Annotations

Branches:
Dungeon (5/15)             Temple (1/1) D:5

Altars:
Ashenzari
Cheibriados
Elyvilon
Nemelex Xobeh
Okawaru
Trog
Uskayaw
Wu Jian
Xom
Yredelemnul
Zin
The Shining One

Annotations:
D:4 3 runed translucent doors, Renjy's ghost, novice OpFE


Innate Abilities, Weirdness & Mutations

You are too large for most types of armour.
You have claws for hands.
Your metabolism is lightning-fast.
You like to eat raw meat.
Your natural rate of healing is unusually fast.
You are covered in fur. (AC +1)
You have extremely tough skin. (AC +3)


Message History

You feel sick.
The merfolk javelineer hits you with a +1 spear of venom.
You are more poisoned.
You miss the merfolk javelineer.
The merfolk javelineer is severely wounded.
You feel sick.
The merfolk javelineer closely misses you.
You scratch the merfolk javelineer.
The merfolk javelineer is severely wounded.
You feel sick.
The merfolk javelineer hits you with a +1 spear of venom.
You are more poisoned.
You closely miss the merfolk javelineer.
The merfolk javelineer is severely wounded.
You feel very sick.
The merfolk javelineer hits you with a +1 spear of venom!
* * * LOW HITPOINT WARNING * * *
You are more poisoned.
You die...
Your body rises from the dead as a mindless zombie.

........####.###.#)###...........
..#≈≈.≈≈# #..##.#..##.###(..≈≈≈.
..#(≈.≈(# ##..#.##.#..# #..≈≈≈≈≈
..#≈≈.≈≈# ##.#......####..≈≈.≈≈
..#..8..# #..##.#..###...≈≈≈≈≈
..#.8_8.# ##.##.#...##....≈≈≈.
..#..8..#######.##.##............
..#######....##.##m###..#........
#.## #........@............###.
...# #.....##.##.###..#.######.
##.## #.....#...................
#..## #............###...#######
##).# #............# ##...# #
##.##########....####....##
#..##≈§≈≈≈≈###.####..##..#####
##.##≈§≈.≈≈#...#....###.......
#.##§§.⌠≈≈#####.#### ######.#


You could see a merfolk javelineer.

Vanquished Creatures
  An orc warrior (D:3)
  A centaur (D:5)
  A gnoll sergeant (D:4)
  A scorpion (D:5)
  A hound (D:4)
  An orc priest (D:4)
  Natasha (thrice) (D:2)
  An iguana (D:4)
  An orc wizard (D:4)
  A worker ant (D:4)
  A hound skeleton (D:5)
  4 gnolls
  8 adders
  3 oozes
  2 worms
  3 dart slugs
  4 leopard geckos
  7 orcs
  4 ball pythons
  5 giant cockroaches
  6 goblins
  8 hobgoblins
  13 jackals
  9 kobolds
  3 quokkas
  12 bats
  5 frilled lizards
  A jackal skeleton (D:5)
  A leopard gecko skeleton (D:4)
  10 rats
121 creatures vanquished.

Vanquished Creatures (others)
  A plant (D:5)
1 creature vanquished.

Grand Total: 122 creatures vanquished

Notes
Turn   | Place    | Note
-------+----------+-------------------------------------------
     0 | D:1      | Foic the Troll Fighter began the quest for the Orb.
     0 | D:1      | Reached XP level 1. HP: 22/22 MP: 0/0
    64 | D:1      | Reached XP level 2. HP: 29/29 MP: 1/1
   642 | D:2      | Reached XP level 3. HP: 36/36 MP: 2/2
   694 | D:2      | Noticed Natasha
   700 | D:2      | Killed Natasha
   742 | D:2      | Reached XP level 4. HP: 45/45 MP: 3/3
   895 | D:2      | Found a shattered altar of Ashenzari.
   896 | D:2      | Found a snail-covered altar of Cheibriados.
   897 | D:2      | Found an ornate altar of the Wu Jian Council.
   919 | D:2      | Noticed Natasha
   931 | D:2      | Killed Natasha
  1351 | D:2      | Noticed Natasha
  1355 | D:2      | Killed Natasha
  1355 | D:2      | Reached XP level 5. HP: 50/53 MP: 4/4
  1539 | D:3      | Found an iron altar of Okawaru.
  1601 | D:3      | Became a worshipper of Warmaster Okawaru
  1635 | D:3      | Found a glowing drain.
  1657 | Sewer    | Entered a sewer
  2144 | D:3      | Found a basalt altar of Yredelemnul.
  2152 | D:3      | Fell from the grace of Okawaru
  2152 | D:3      | Became a worshipper of Yredelemnul the Dark
  2293 | D:3      | Found a white marble altar of Elyvilon.
  2293 | D:3      | Found a glowing silver altar of Zin.
  2293 | D:3      | Found a glowing golden altar of the Shining One.
  2542 | D:4      | Reached XP level 6. HP: 59/61 MP: 5/5
  2591 | D:4      | Found a shimmering altar of Xom.
  2594 | D:4      | Noticed an orc warrior
  2670 | D:3      | Killed an orc warrior
  2861 | D:4      | Found a hide-covered altar of Uskayaw.
  3036 | D:4      | Found a runed translucent gate.
  3036 | D:4      | Found a runed translucent gate.
  3036 | D:4      | Found a runed translucent gate.
  3069 | D:4      | Noticed Renjy's ghost (novice OpFE)
  3180 | D:4      | Found a sparkling altar of Nemelex Xobeh.
  3265 | D:5      | Entered Level 5 of the Dungeon
  3396 | D:5      | Found a staircase to the Ecumenical Temple.
  3397 | D:5      | Found a bloodstained altar of Trog.
  3407 | D:5      | Reached * piety under Yredelemnul
  3428 | D:5      | Reached XP level 7. HP: 67/67 MP: 6/6
  3435 | Temple   | Entered the Ecumenical Temple
  3446 | Temple   | Noticed a merfolk javelineer
  3446 | Temple   | Noticed a merfolk
  3446 | Temple   | Noticed a merfolk
  3446 | Temple   | Noticed a merfolk
  3446 | Temple   | Noticed a merfolk
  3446 | Temple   | Noticed an orc knight
  3749 | D:4      | Noticed a merfolk javelineer
  3749 | D:4      | Noticed a merfolk
  3749 | D:4      | Noticed a merfolk
  3749 | D:4      | Noticed a merfolk
  3749 | D:4      | Noticed a merfolk javelineer
  3749 | D:4      | Noticed a merfolk
  3749 | D:4      | Noticed a merfolk
  3750 | D:4      | Noticed a merfolk
  4008 | D:3      | HP: 2/68 [merfolk javelineer/+1 spear of venom[the fury of
                  | Okawaru] (17)]
  4009 | D:3      | Succumbed to a merfolk javelineer's poison

Skill      XL: |  1  2  3  4  5  6 |
---------------+-------------------+-----
Fighting       | 3 |  3.6
Dodging        | 3 4 |  4.3
Shields        | 3 |  3.5
Unarmed Combat | 3 4 |  4.3
Throwing       | |  0.1

Action                   |  1- 3 |  4- 6 |  7- 9 || total
-------------------------+-------+-------+-------++-------
Melee: Unarmed           |    67 |   292 |    39 ||   398
Throw: Stone             |       |    23 |       ||    23
  Use: Potion            |       |     6 |       ||     6
       Scroll            |       |     4 |     1 ||     5
 Stab: Sleeping          |     1 |       |       ||     1
       Distracted        |       |     1 |       ||     1
  Eat: Chunk             |     2 |    36 |     2 ||    40
Armor: Robe              |    22 |   106 |    15 ||   143
Dodge: Dodged            |    16 |   124 |    19 ||   159
Block: Shield            |    23 |   160 |    29 ||   212
